[Event "III Duchamp Open 2019"]
[Site "Rio de Janeiro"]
[Date "2019.12.09"]
[Round "4.13"]
[White "Torella, Rodolfo"]
[Black "Guimaraes, Diogo Duarte"]
[Result "0-1"]
[ECO "C24"]
[WhiteElo "2085"]
[BlackElo "2322"]
[Annotator "RC"]
[PlyCount "48"]
[EventDate "2019.12.07"]
[EventType "swiss"]
[EventCountry "BRA"]
[SourceTitle "playchess.com"]
[Source "ChessBase"]
[SourceQuality "1"]
[TimeControl "40/5400+30:1800+30"]

1. e4 e5 2. Bc4 Nf6 3. d3 c6 4. Nf3 d5 5. Bb3 Bd6 6. Nc3 Be6 7. Bg5 Bc7 8. exd5 cxd5 9. Qe2 Nc6 10. O-O-O O-O 11. d4 e4 12. Ng1 h6 13. Bh4 Bb6 14. Nxe4 dxe4 15. d5 Nd4 16. Rxd4 Bxd4 17. dxe6 fxe6 18. Bxe6+ Kh8 19. c3 Qd6 20. Bb3 Bxc3 21. Bxf6 Bxf6 22. Qxe4 Rac8+ 23. Bc2 Bg5+ 24. Kb1 Qd1+ 0-1

[Event "III Duchamp Open 2019"]
[Site "Rio de Janeiro"]
[Date "2019.12.11"]
[Round "5.5"]
[White "Donoso Diaz, Sebastian"]
[Black "Supi, Luis Paulo"]
[Result "0-1"]
[ECO "A30"]
[WhiteElo "2234"]
[BlackElo "2578"]
[Annotator "ChessBase"]
[PlyCount "117"]
[EventDate "2019.12.07"]
[EventType "swiss"]
[EventCountry "BRA"]
[SourceTitle "playchess.com"]
[Source "ChessBase"]
[SourceQuality "1"]
[TimeControl "40/5400+30:1800+30"]

1. c4 c5 2. Nf3 Nf6 3. Nc3 e6 4. e3 d5 5. cxd5 exd5 6. d4 Nc6 7. Be2 Bd6 8. dxc5 Bxc5 9. O-O O-O 10. b3 a6 11. Bb2 Ba7 12. Rc1 Qd6 13. Na4 Rd8 14. Nd4 Bd7 15. Qd3 Ne5 16. Qb1 Neg4 17. Bxg4 Nxg4 18. Nf3 d4 19. h3 Nxf2 20. Rxf2 dxe3 21. Re2 Bb5 22. Rce1 Bxe2 23. Rxe2 Rac8 24. Qe4 b5 25. Nc3 Qd3 26. Qh4 Re8 27. Qe1 b4 28. Na4 Rc2 29. Rxc2 Qxc2 30. Bd4 Bxd4 31. Nxd4 Qd2 32. Nf3 Qxa2 33. Qxb4 Qf2+ 34. Kh2 e2 35. Ne1 h5 36. Nb2 h4 37. Nbd3 Qg3+ 38. Kh1 Re3 39. Qa4 Qd6 40. Qc4 g6 41. b4 Qf6 42. b5 axb5 43. Qxb5 Qd4 44. Kh2 Kg7 45. Qa6 Re6 46. Qb5 Rf6 47. Qe5 Qxe5+ 48. Nxe5 Rf1 49. N5f3 g5 50. g4 f6 51. Kg2 Kf7 52. Nc2 Ke7 53. Nfe1 Kd7 54. Nd3 Kc7 55. Nde1 Kb6 56. Nd3 Ka5 57. Nde1 Ka4 58. Nf3 Rxf3 59. Kh2 0-1

[Event "III Duchamp Open 2019"]
[Site "Rio de Janeiro"]
[Date "2019.12.11"]
[Round "5.8"]
[White "Carraro, Denise"]
[Black "Molina, Roberto Junio Brito"]
[Result "1-0"]
[ECO "B83"]
[WhiteElo "2177"]
[BlackElo "2448"]
[Annotator "ChessBase"]
[PlyCount "99"]
[EventDate "2019.12.07"]
[EventType "swiss"]
[EventCountry "BRA"]
[SourceTitle "playchess.com"]
[Source "ChessBase"]
[SourceQuality "1"]
[TimeControl "40/5400+30:1800+30"]

1. e4 c5 2. Nf3 e6 3. d4 cxd4 4. Nxd4 Nf6 5. Nc3 d6 6. Be2 Nc6 7. Be3 Be7 8. O-O O-O 9. f4 a6 10. a4 Qc7 11. Kh1 Bd7 12. Qe1 Nxd4 13. Bxd4 Bc6 14. Qg3 g6 15. Bd3 e5 16. fxe5 Nh5 17. Qf2 dxe5 18. Bb6 Qc8 19. Be3 Ng7 20. Bh6 Kh8 21. Qg3 f6 22. Rad1 Qe8 23. b3 Rd8 24. Nd5 Bxd5 25. exd5 Bd6 26. Qe3 f5 27. c4 Rc8 28. Qb6 Qe7 29. Bg5 Qxg5 30. Qxd6 e4 31. Bc2 Rce8 32. Rde1 Kg8 33. Qb4 Rf7 34. c5 Nh5 35. Qd4 a5 36. d6 Nf4 37. Qf2 Ne6 38. Bxe4 f4 39. Bxb7 Rxb7 40. c6 Rbb8 41. c7 Nxc7 42. dxc7 Rbc8 43. Rxe8+ Rxe8 44. Qc2 Rc8 45. Qc4+ Kg7 46. Qd4+ Kg8 47. Qd7 Qf5 48. Rd1 f3 49. Qxc8+ Qxc8 50. Rd8+ 1-0

[Event "III Duchamp Open 2019"]
[Site "Rio de Janeiro"]
[Date "2019.12.10"]
[Round "5.15"]
[White "Pirola, Claudionor Alcides L"]
[Black "Fernandez, Maria Florencia"]
[Result "0-1"]
[ECO "B24"]
[WhiteElo "2106"]
[BlackElo "2241"]
[Annotator "RC"]
[PlyCount "74"]
[EventDate "2019.12.07"]
[EventType "swiss"]
[EventCountry "BRA"]
[SourceTitle "playchess.com"]
[Source "ChessBase"]
[SourceQuality "1"]
[TimeControl "40/5400+30:1800+30"]

1. e4 c5 2. Nc3 Nc6 3. Nf3 e5 4. Bc4 d6 5. d3 Be7 6. a3 Nf6 7. h3 O-O 8. O-O Nd7 9. Nd5 Nb6 10. Ba2 Be6 11. c3 Bxd5 12. exd5 Nb8 13. b4 N8d7 14. bxc5 Nxc5 15. Be3 Rc8 16. Qd2 Nba4 17. c4 Bf6 18. d4 exd4 19. Bxd4 Ne4 20. Qf4 Nac3 21. Rfe1 Nxa2 22. Qxe4 Nc3 23. Qe3 Na4 24. Bxf6 Qxf6 25. Qxa7 Nc5 26. Qb6 Nd3 27. Red1 Nf4 28. Qb3 Qg6 29. Ne1 Rfe8 30. Qf3 Rxc4 31. Nd3 Ne2+ 32. Kf1 Rc3 33. Rd2 Nd4 34. Qd1 Nb3 35. Re2 Rxe2 36. Nf4 Rxf2+ 37. Kxf2 Qg3+ 0-1

[Event "III Duchamp Open 2019"]
[Site "Rio de Janeiro"]
[Date "2019.12.11"]
[Round "6.1"]
[White "Di Berardino, Diego Rafael"]
[Black "Martinez Alcantara, Jose Eduardo"]
[Result "0-1"]
[ECO "A35"]
[WhiteElo "2489"]
[BlackElo "2592"]
[Annotator "ChessBase"]
[PlyCount "74"]
[EventDate "2019.12.07"]
[EventType "swiss"]
[EventCountry "BRA"]
[SourceTitle "playchess.com"]
[Source "ChessBase"]
[SourceQuality "1"]
[TimeControl "40/5400+30:1800+30"]

1. Nf3 c5 2. c4 Nf6 3. Nc3 Nc6 4. e3 d5 5. cxd5 Nxd5 6. d4 e6 7. Bc4 cxd4 8. exd4 Be7 9. O-O O-O 10. Re1 a6 11. Bb3 b5 12. Ne4 Bb7 13. Bg5 Rc8 14. Rc1 Rc7 15. Bxd5 Qxd5 16. Bxe7 Rxe7 17. Rc5 Qd8 18. Neg5 h6 19. d5 exd5 20. Rxd5 Rxe1+ 21. Nxe1 Qf6 22. Ne4 Qxb2 23. Nd3 Qxa2 24. Ndc5 Bc8 25. h3 Qa5 26. Rd6 Ne5 27. Qd4 Re8 28. f4 Ng6 29. Ng3 Nh4 30. Qd5 Qc3 31. Kh2 Qc4 32. Qc6 Rf8 33. Nge4 Ng6 34. Qc7 Bf5 35. Ng3 Qxf4 36. Nxa6 Bxh3 37. Rd3 Bc8 0-1

[Event "III Duchamp Open 2019"]
[Site "Rio de Janeiro"]
[Date "2019.12.11"]
[Round "6.2"]
[White "Cruz, Cristhian"]
[Black "Vazquez, Guillermo"]
[Result "1-0"]
[ECO "E04"]
[WhiteElo "2562"]
[BlackElo "2506"]
[Annotator "ChessBase"]
[PlyCount "133"]
[EventDate "2019.12.07"]
[EventType "swiss"]
[EventCountry "BRA"]
[SourceTitle "playchess.com"]
[Source "ChessBase"]
[SourceQuality "1"]
[TimeControl "40/5400+30:1800+30"]

1. c4 e6 2. Nf3 d5 3. d4 Nf6 4. g3 dxc4 5. Bg2 Nc6 6. Qa4 Bb4+ 7. Bd2 Nd5 8. Bxb4 Ndxb4 9. Nc3 Bd7 10. O-O a5 11. Qd1 O-O 12. Nd2 Nxd4 13. Bxb7 Rb8 14. Bg2 Nd5 15. Nxc4 Nxc3 16. bxc3 Bb5 17. cxd4 Bxc4 18. Qc2 Rb4 19. a3 Bb3 20. Qd3 Rb6 21. Rac1 Bd5 22. Bxd5 Qxd5 23. Rxc7 Rb3 24. Rc3 a4 25. Rfc1 g6 26. Rxb3 axb3 27. Rc5 Qd6 28. Qxb3 Qxd4 29. Qc4 Qa1+ 30. Qc1 Qa2 31. Rc2 Qb3 32. Rc8 Rxc8 33. Qxc8+ Kg7 34. Qa6 Qd1+ 35. Kg2 Qd5+ 36. f3 e5 37. Qd3 Qa2 38. Kf2 Qa1 39. Qd6 g5 40. Kg2 h6 41. Qa6 Qb1 42. Qc4 h5 43. a4 Qa1 44. h4 gxh4 45. Qxh4 f6 46. Qc4 Qe1 47. Qb5 h4 48. gxh4 Qxh4 49. a5 Qg5+ 50. Kf1 Qh4 51. Qd7+ Kh6 52. Qg4 Qh1+ 53. Kf2 Qa1 54. Qb4 Kg6 55. Kg2 Kg5 56. Qb6 e4 57. Qe3+ Kh5 58. Qc5+ Kg6 59. fxe4 Qa4 60. Qd5 Qa1 61. Qb5 Kh6 62. a6 Qa2 63. Kf2 Qd2 64. Qd3 Qa5 65. Qe3+ Kg6 66. a7 Qa4 67. e5 1-0

[Event "III Duchamp Open 2019"]
[Site "Rio de Janeiro"]
[Date "2019.12.11"]
[Round "6.3"]
[White "Supi, Luis Paulo"]
[Black "Gauche, Charles"]
[Result "1-0"]
[ECO "A20"]
[WhiteElo "2578"]
[BlackElo "2248"]
[Annotator "ChessBase"]
[PlyCount "75"]
[EventDate "2019.12.07"]
[EventType "swiss"]
[EventCountry "BRA"]
[SourceTitle "playchess.com"]
[Source "ChessBase"]
[SourceQuality "1"]
[TimeControl "40/5400+30:1800+30"]

1. c4 e5 2. g3 Nf6 3. Bg2 Nc6 4. Nf3 d5 5. cxd5 Nxd5 6. O-O Nb6 7. d3 Be7 8. a3 a5 9. Nc3 O-O 10. Be3 Be6 11. Rc1 Nd5 12. Nxd5 Bxd5 13. Qa4 Bf6 14. Rc5 Ra6 15. Rfc1 Be6 16. Nd2 Bd7 17. Qd1 Be7 18. R5c3 a4 19. Bc5 Bd6 20. e3 Qe7 21. Bxd6 cxd6 22. b4 axb3 23. Qxb3 Ra7 24. Qb2 h6 25. Nc4 Rd8 26. Nb6 Be6 27. Nd5 Qd7 28. Rb3 f5 29. Rb1 Rb8 30. Rb5 Qf7 31. Nc3 Nd8 32. Rb6 Qc7 33. Nd5 Qc5 34. Ra1 Ra4 35. h3 Rba8 36. Rb5 Qa7 37. Nb6 Rxa3 38. Rxa3 1-0

[Event "III Duchamp Open 2019"]
[Site "Rio de Janeiro"]
[Date "2019.12.11"]
[Round "6.4"]
[White "Hernandez Guerrero, Gilberto"]
[Black "Cezila Jr, Rubens"]
[Result "1-0"]
[ECO "C84"]
[WhiteElo "2554"]
[BlackElo "2191"]
[Annotator "ChessBase"]
[PlyCount "149"]
[EventDate "2019.12.07"]
[EventType "swiss"]
[EventCountry "BRA"]
[SourceTitle "playchess.com"]
[Source "ChessBase"]
[SourceQuality "1"]
[TimeControl "40/5400+30:1800+30"]

1. e4 e5 2. Nf3 Nc6 3. Bb5 a6 4. Ba4 Nf6 5. O-O Be7 6. d3 b5 7. Bb3 d6 8. c3 O-O 9. Nbd2 Na5 10. Bc2 c5 11. Re1 Re8 12. Nf1 Bf8 13. Bg5 h6 14. Bh4 Nc6 15. Ne3 g6 16. a4 Rb8 17. axb5 axb5 18. Bb3 Bg7 19. Qc2 Be6 20. Bxf6 Bxf6 21. Ra6 Qc8 22. Rea1 Bd7 23. Nd5 Bd8 24. h3 Kg7 25. Qe2 Rf8 26. Nd2 Be6 27. Ne3 Bd7 28. Nd5 Be6 29. f4 exf4 30. Nxf4 Bxb3 31. Nxb3 Bf6 32. Nd5 Be5 33. Nd2 b4 34. Nc4 bxc3 35. bxc3 Rb1+ 36. Rxb1 Qxa6 37. g4 Qc8 38. Rb6 h5 39. Qf2 f6 40. gxh5 Qxh3 41. Rb7+ Kh8 42. hxg6 Qg4+ 43. Qg2 Qd1+ 44. Kf2 Qc2+ 45. Kf3 Qd1+ 46. Ke3 Qe1+ 47. Qe2 Qg3+ 48. Qf3 Qe1+ 49. Qe2 Qg3+ 50. Kd2 Qxg6 51. Kc2 Rf7 52. Rb6 Nd8 53. Nxd6 Rh7 54. Kb3 Rh2 55. Qf1 Rh7 56. Nc4 Rb7 57. Nxe5 Rxb6+ 58. Nxb6 fxe5 59. Qf8+ Qg8+ 60. Qxg8+ Kxg8 61. Nd7 Kf7 62. Kc4 Ke6 63. Nxc5+ Kd6 64. Kb5 Nf7 65. Nb7+ Kc7 66. Na5 Kd6 67. Nc4+ Ke6 68. Kc6 Ng5 69. Nd2 Nf7 70. Nb3 Nd8+ 71. Kc7 Ke7 72. Nc5 Nf7 73. Kc6 Ng5 74. Kd5 Nf3 75. c4 1-0

[Event "III Duchamp Open 2019"]
[Site "Rio de Janeiro"]
[Date "2019.12.11"]
[Round "6.7"]
[White "Perdomo, Leandro"]
[Black "Carraro, Denise"]
[Result "1-0"]
[ECO "E20"]
[WhiteElo "2474"]
[BlackElo "2177"]
[Annotator "RC"]
[PlyCount "47"]
[EventDate "2019.12.07"]
[EventType "swiss"]
[EventCountry "BRA"]
[SourceTitle "playchess.com"]
[Source "ChessBase"]
[SourceQuality "1"]
[TimeControl "40/5400+30:1800+30"]

1. d4 Nf6 2. c4 e6 3. Nc3 Bb4 4. g3 c5 5. Nf3 cxd4 6. Nxd4 O-O 7. Bg2 d5 8. Nc2 Bxc3+ 9. bxc3 Qc7 10. Ne3 Rd8 11. cxd5 exd5 12. O-O Be6 13. Bb2 Nc6 14. Qa4 b5 15. Qh4 Rab8 16. Rfd1 Qe5 17. Rd2 Ne4 18. c4 Qc7 19. Nxd5 Bxd5 20. Rxd5 Nd6 21. Rc5 Rb6 22. cxb5 Rxb5 23. Rxb5 Nxb5 24. Bxc6 1-0

[Event "III Duchamp Open 2019"]
[Site "Rio de Janeiro"]
[Date "2019.12.11"]
[Round "6.8"]
[White "Fernandez, Maria Florencia"]
[Black "Ambartsumova, Karina"]
[Result "1/2-1/2"]
[ECO "D35"]
[WhiteElo "2241"]
[BlackElo "2341"]
[Annotator "NA"]
[PlyCount "108"]
[EventDate "2019.12.07"]
[EventType "swiss"]
[EventCountry "BRA"]
[SourceTitle "playchess.com"]
[Source "ChessBase"]
[SourceQuality "1"]
[TimeControl "40/5400+30:1800+30"]

1. d4 Nf6 2. c4 e6 3. Nc3 d5 4. cxd5 exd5 5. Bg5 c6 6. e3 Be7 7. Bd3 Nbd7 8. Qc2 h6 9. Bh4 Nh5 10. Bxe7 Qxe7 11. Nge2 Nb6 12. O-O-O Bd7 13. Kb1 O-O-O 14. Na4 Nxa4 15. Qxa4 Kb8 16. Rc1 Qg5 17. Ng3 Nxg3 18. hxg3 c5 19. Qa5 Bf5 20. Qc3 c4 21. Bxf5 Qxf5+ 22. Rc2 h5 23. Ka1 Rc8 24. Rhc1 Rc6 25. Qe1 Rhc8 26. f3 Re8 27. b3 Rce6 28. bxc4 Rxe3 29. Qb4 dxc4 30. Rxc4 Qd7 31. Rc5 Rd3 32. d5 Rxd5 33. Qf4+ Ka8 34. Rc7 Qe6 35. Rxf7 g5 36. Qf6 Qxf6+ 37. Rxf6 Rd2 38. Re6 Red8 39. Rg6 Rxg2 40. Rxg5 a6 41. Rf1 Rdd2 42. f4 Rxa2+ 43. Kb1 Rgb2+ 44. Kc1 Rc2+ 45. Kb1 Rcb2+ 46. Kc1 Rg2 47. Kb1 Ra3 48. Rxh5 Raxg3 49. Rhh1 a5 50. f5 Rb3+ 51. Ka1 Ra3+ 52. Kb1 Rb3+ 53. Ka1 Ra3+ 54. Kb1 Rb3+ {[%emt 0:00:31] Kb2} 1/2-1/2

[Event "III Duchamp Open 2019"]
[Site "Rio de Janeiro"]
[Date "2019.12.11"]
[Round "6.9"]
[White "Labussiere, Victor"]
[Black "Matsuura, Everaldo"]
[Result "1/2-1/2"]
[ECO "A09"]
[WhiteElo "2295"]
[BlackElo "2448"]
[Annotator "NA"]
[PlyCount "71"]
[EventDate "2019.12.07"]
[EventType "swiss"]
[EventCountry "BRA"]
[SourceTitle "playchess.com"]
[Source "ChessBase"]
[SourceQuality "1"]
[TimeControl "40/5400+30:1800+30"]

1. Nf3 d5 2. c4 d4 3. b4 f6 4. Na3 e5 5. Nc2 c5 6. bxc5 Bxc5 7. d3 Ne7 8. g3 O-O 9. Bg2 Nbc6 10. O-O Bg4 11. Nd2 f5 12. Rb1 Rb8 $11 13. Rb5 b6 14. Nb3 Bd6 15. Bg5 Qc7 16. Bxe7 Nxe7 17. Nb4 Bxb4 18. Rxb4 Qd6 19. Rb5 a6 20. c5 bxc5 21. Rxc5 Rfc8 22. Rxc8+ Rxc8 23. Qd2 Nd5 24. Bxd5+ Qxd5 25. f3 Bh5 26. Rc1 Re8 27. Rc5 Qd6 28. Qc1 Bf7 29. Rc8 Qd7 30. Rxe8+ Qxe8 31. Qc5 g6 32. Qd6 Qe6 33. Qd8+ Qe8 34. Qd6 Qe6 35. Qd8+ Qe8 36. Qd6 1/2-1/2

[Event "III Duchamp Open 2019"]
[Site "Rio de Janeiro"]
[Date "2019.12.11"]
[Round "6.10"]
[White "Abrantes, Tiago Garrido"]
[Black "Zambrana, Oswaldo"]
[Result "0-1"]
[ECO "A32"]
[WhiteElo "2159"]
[BlackElo "2445"]
[Annotator "NA"]
[PlyCount "94"]
[EventDate "2019.12.07"]
[EventType "swiss"]
[EventCountry "BRA"]
[SourceTitle "playchess.com"]
[Source "ChessBase"]
[SourceQuality "1"]
[TimeControl "40/5400+30:1800+30"]

1. d4 Nf6 2. c4 c5 3. Nf3 cxd4 4. Nxd4 e6 5. g3 Qc7 6. b3 Bb4+ 7. Bd2 Bc5 8. e3 Qe5 9. Nc2 Ne4 10. Bg2 Nc6 11. O-O Nxd2 12. Qxd2 O-O 13. Nc3 Be7 $14 14. Rad1 Rd8 15. Nd4 Nxd4 16. exd4 Qh5 17. Qe3 d6 18. Rfe1 Bf8 19. h3 Qa5 20. Kh2 a6 21. Rb1 g6 22. Rec1 Bg7 23. b4 Qc7 24. Ne4 Bd7 25. d5 Re8 26. Qf4 exd5 27. cxd5 Qb6 28. Qxd6 Qxd6 29. Nxd6 Re2 30. Rc7 Ba4 31. Rxb7 Rxf2 32. Ne4 Rxa2 33. Kh1 Rd8 34. Nc5 Bb5 35. Bf1 Rxd5 36. Bxb5 axb5 37. Rxb5 Bf8 38. Rb8 Rdd2 39. Ne4 Re2 40. Nc3 Rh2+ 41. Kg1 Rag2+ 42. Kf1 Rxg3 43. Ne4 Rgxh3 44. Rd1 Rh1+ 45. Kg2 R3h2+ 46. Kg3 Rxd1 47. Kxh2 Kg7 0-1

[Event "III Duchamp Open 2019"]
[Site "Rio de Janeiro"]
[Date "2019.12.11"]
[Round "6.11"]
[White "Ribeiro, Matheus Mendes Domin"]
[Black "Von Buelow, Georg"]
[Result "0-1"]
[ECO "A30"]
[WhiteElo "2061"]
[BlackElo "2363"]
[Annotator "NA"]
[PlyCount "134"]
[EventDate "2019.12.07"]
[EventType "swiss"]
[EventCountry "BRA"]
[SourceTitle "playchess.com"]
[Source "ChessBase"]
[SourceQuality "1"]
[TimeControl "40/5400+30:1800+30"]

1. c4 b6 2. Nf3 e6 3. g3 c5 4. Bg2 Bb7 5. O-O Nf6 6. Nc3 Be7 7. b3 d6 8. Bb2 a6 9. e3 O-O 10. d4 cxd4 11. Nxd4 Qc7 12. Bxb7 Qxb7 13. Qf3 Ra7 14. Rfd1 Rc8 15. Qxb7 Rxb7 16. Kf1 Nc6 17. Nxc6 Rxc6 18. Rac1 h5 19. Ne2 Kh7 20. Nd4 Rc8 21. Ke2 g5 22. h3 Kg6 23. Nf3 Ne4 24. g4 hxg4 25. hxg4 Rbc7 26. Nd4 Bf6 27. f4 Rh8 28. Kf3 Nc5 29. Rh1 Rcc8 30. Rcd1 e5 31. Nf5 e4+ 32. Kg3 Bxb2 33. Ne7+ Kg7 34. Nxc8 Rxc8 35. Rxd6 b5 36. cxb5 axb5 37. Rb6 Ne6 38. f5 Be5+ 39. Kh3 Nc7 40. Rc6 Ra8 41. Rc2 Nd5 42. Rc5 Rh8+ 43. Kg2 Nxe3+ 44. Kg1 Rd8 45. Rxe5 Rd1+ 46. Kf2 Nxg4+ 47. Kg3 Rxh1 48. Kxg4 Kf6 49. Re8 Rg1+ 50. Kh3 Kxf5 51. Kh2 Ra1 52. Kg3 Rxa2 53. Rb8 Ra5 54. Rb6 Ke5 55. Kg4 f5+ 56. Kxg5 f4 57. b4 Ra1 58. Rxb5+ Kd4 59. Ra5 Rf1 60. Ra2 f3 61. b5 e3 62. b6 Rb1 63. Ra4+ Kc5 64. Re4 f2 65. Rf4 f1=Q 66. b7 Qg2+ 67. Kh6 Rh1+ 0-1

[Event "III Duchamp Open 2019"]
[Site "Rio de Janeiro"]
[Date "2019.12.11"]
[Round "6.12"]
[White "Limp, Eduardo Thelio"]
[Black "Alboredo, Julia"]
[Result "1-0"]
[ECO "A48"]
[WhiteElo "2356"]
[BlackElo "2184"]
[Annotator "NA"]
[PlyCount "91"]
[EventDate "2019.12.07"]
[EventType "swiss"]
[EventCountry "BRA"]
[SourceTitle "playchess.com"]
[Source "ChessBase"]
[SourceQuality "1"]
[TimeControl "40/5400+30:1800+30"]

1. d4 Nf6 2. Nf3 g6 3. c3 Bg7 4. Qc2 d5 5. Bf4 O-O 6. Nbd2 c5 7. e3 cxd4 8. exd4 Nh5 9. Be5 f6 10. Bg3 e5 11. dxe5 fxe5 12. O-O-O Nc6 13. Kb1 Bf5 14. Bd3 Rc8 15. Bxf5 gxf5 16. Bh4 Qb6 17. Qb3 Qc5 18. Ng5 Rfe8 19. Nde4 fxe4 20. Rxd5 Na5 21. Rxc5+ Nxb3 22. Rxc8 Rxc8 23. axb3 Nf4 24. Nxe4 Nxg2 25. Bg3 Rf8 26. Rd1 h5 27. h4 b6 28. b4 Nf4 29. Rd2 Bh6 30. Rd6 Kg7 31. b5 Rf7 32. Kc2 Ng6 33. Kd3 Bf4 34. Kc4 Ne7 35. Rd7 Nf5 36. Rxf7+ Kxf7 37. Kd5 Ne7+ 38. Kd6 Bxg3 39. fxg3 Nf5+ 40. Kxe5 Ne3 41. b3 Kg6 42. c4 Kf7 43. Nd6+ Kg6 44. Nc8 Nf1 45. Nxa7 Nxg3 46. c5 1-0

[Event "III Duchamp Open 2019"]
[Site "Rio de Janeiro"]
[Date "2019.12.11"]
[Round "6.13"]
[White "Rocha, Vitor Firmo de Souza"]
[Black "Guimaraes, Diogo Duarte"]
[Result "0-1"]
[ECO "C68"]
[WhiteElo "2169"]
[BlackElo "2322"]
[Annotator "NA"]
[PlyCount "96"]
[EventDate "2019.12.07"]
[EventType "swiss"]
[EventCountry "BRA"]
[SourceTitle "playchess.com"]
[Source "ChessBase"]
[SourceQuality "1"]
[TimeControl "40/5400+30:1800+30"]

1. e4 e5 2. Nf3 Nc6 3. Bb5 a6 4. Bxc6 dxc6 5. d4 exd4 6. Qxd4 Qxd4 7. Nxd4 c5 8. Ne2 b6 9. Bf4 Bb7 10. Nbc3 O-O-O 11. Rd1 Rxd1+ 12. Kxd1 f5 13. f3 fxe4 14. Nxe4 Bxe4 15. fxe4 Nf6 16. Ng3 Bd6 17. Bxd6 cxd6 18. Re1 Re8 19. Re2 Kd7 20. Kd2 Re5 21. c4 b5 22. a3 h5 23. h4 g5 24. hxg5 Rxg5 25. Nf5 bxc4 26. Kc2 Nxe4 27. Ne3 Ng3 28. Rd2 Kc6 29. Nxc4 d5 30. Na5+ Kb5 31. Nb3 Nf5 32. Rf2 Rxg2 33. Rxg2 Ne3+ 34. Kd3 Nxg2 35. Nd2 h4 36. Ke2 c4 37. Nf3 Kc5 38. Kf2 h3 39. Kg3 Ne3 40. Nd2 a5 41. Kxh3 Nd1 42. Kg3 Nxb2 43. Kf3 a4 44. Nb1 d4 45. Nd2 c3 46. Ne4+ Kd5 47. Nf6+ Kc4 48. Ke2 d3+ 0-1

[Event "III Duchamp Open 2019"]
[Site "Rio de Janeiro"]
[Date "2019.12.11"]
[Round "6.14"]
[White "Lima, Darcy"]
[Black "Andrade, Roberto Luiz Costa"]
[Result "1-0"]
[ECO "D79"]
[WhiteElo "2528"]
[BlackElo "2087"]
[Annotator "ChessBase"]
[PlyCount "131"]
[EventDate "2019.12.07"]
[EventType "swiss"]
[EventCountry "BRA"]
[SourceTitle "playchess.com"]
[Source "ChessBase"]
[SourceQuality "1"]
[TimeControl "40/5400+30:1800+30"]

1. Nf3 Nf6 2. c4 c6 3. g3 g6 4. Bg2 Bg7 5. O-O O-O 6. d4 d5 7. cxd5 cxd5 8. Ne5 Ng4 9. Nxg4 Bxg4 10. Nc3 Nc6 11. h3 Bd7 12. Nxd5 Nxd4 13. Bg5 Re8 14. e4 h6 15. Bxh6 Bxh6 16. Qxd4 Bg7 17. Qd2 Bb5 18. Rfd1 Ba4 19. Re1 e6 20. Qb4 exd5 21. Qxa4 dxe4 22. Rxe4 Rxe4 23. Qxe4 Bxb2 24. Rb1 Bd4 25. Rxb7 Qf6 26. Qf3 Qxf3 27. Bxf3 Rd8 28. Be2 Rd6 29. Kg2 Rf6 30. f4 g5 31. Kf3 gxf4 32. gxf4 Kg7 33. Ke4 Bb6 34. Bc4 Bc5 35. f5 Bf2 36. a4 a5 37. Bd5 Be1 38. Ra7 Bb4 39. h4 Be1 40. h5 Bd2 41. Ke5 Bc3+ 42. Kf4 Bd2+ 43. Kg4 Bc3 44. Ba2 Bd2 45. Bc4 Bb4 46. Kf4 Bd2+ 47. Ke4 Bb4 48. h6+ Kxh6 49. Bxf7 Kg5 50. Be6 Rh6 51. Kd5 Bc3 52. Rc7 Bb4 53. Ke5 Rh1 54. Rg7+ Kh6 55. Rg6+ Kh7 56. Bg8+ Kh8 57. Bd5 Re1+ 58. Kf6 Be7+ 59. Kf7 Kh7 60. f6 Bb4 61. Rg3 Kh6 62. Bf3 Bc3 63. Rg6+ Kh7 64. Rg5 Bd2 65. Rh5+ Bh6 66. Bg4 1-0

[Event "III Duchamp Open 2019"]
[Site "Rio de Janeiro"]
[Date "2019.12.11"]
[Round "6.15"]
[White "Alonso, Salvador"]
[Black "Urquiza, Marcello de Albuquer"]
[Result "1-0"]
[ECO "B42"]
[WhiteElo "2481"]
[BlackElo "2075"]
[Annotator "ChessBase"]
[PlyCount "53"]
[EventDate "2019.12.07"]
[EventType "swiss"]
[EventCountry "BRA"]
[SourceTitle "playchess.com"]
[Source "ChessBase"]
[SourceQuality "1"]
[TimeControl "40/5400+30:1800+30"]

1. e4 c5 2. Nf3 e6 3. d4 cxd4 4. Nxd4 a6 5. Bd3 d6 6. O-O Nf6 7. Qe2 b6 8. f4 Bb7 9. Nc3 b5 10. Nf3 b4 11. Na4 g6 12. a3 bxa3 13. b3 d5 14. e5 Ne4 15. Bxe4 dxe4 16. Rd1 Qc7 17. Ng5 Qc6 18. Rd4 Be7 19. Nxe4 O-O 20. Bxa3 Bxa3 21. Rxa3 Nd7 22. Rc4 Qd5 23. Nac3 Rfd8 24. Nxd5 exd5 25. Rc7 dxe4 26. Rxb7 Nc5 27. Rb4 1-0

[Event "III Duchamp Open 2019"]
[Site "Rio de Janeiro"]
[Date "2019.12.11"]
[Round "6.16"]
[White "Molina, Roberto Junio Brito"]
[Black "Sobrero, Sebastian"]
[Result "1/2-1/2"]
[ECO "E11"]
[WhiteElo "2448"]
[BlackElo "2059"]
[Annotator "ChessBase"]
[PlyCount "82"]
[EventDate "2019.12.07"]
[EventType "swiss"]
[EventCountry "BRA"]
[SourceTitle "playchess.com"]
[Source "ChessBase"]
[SourceQuality "1"]
[TimeControl "40/5400+30:1800+30"]

1. d4 Nf6 2. c4 e6 3. Nf3 Bb4+ 4. Bd2 Be7 5. Nc3 d5 6. Qc2 O-O 7. e4 dxe4 8. Nxe4 Nbd7 9. Bc3 Nxe4 10. Qxe4 Nf6 11. Qc2 b6 12. O-O-O Bb7 13. Ne5 b5 14. cxb5 a6 15. Nc6 Bxc6 16. bxc6 Qd5 17. Kb1 Qxc6 18. Bd3 g6 19. h4 Nd5 20. h5 Rab8 21. Bd2 Qxc2+ 22. Kxc2 Nb4+ 23. Bxb4 Rxb4 24. b3 Rxd4 25. a4 a5 26. hxg6 hxg6 27. Bc4 Rfd8 28. Rxd4 Rxd4 29. Rd1 Bc5 30. Rxd4 Bxd4 31. f3 Bc5 32. Kd3 Kf8 33. g4 Ke7 34. g5 Kd6 35. Ke4 Bb6 36. f4 Bc5 37. Bb5 Bb4 38. Be8 Ke7 39. Bb5 Kd6 40. Be8 Ke7 41. Bb5 Kd6 1/2-1/2

[Event "III Duchamp Open 2019"]
[Site "Rio de Janeiro"]
[Date "2019.12.13"]
[Round "9.1"]
[White "Martinez Alcantara, Jose Eduardo"]
[Black "Hernandez Guerrero, Gilberto"]
[Result "1/2-1/2"]
[ECO "A05"]
[WhiteElo "2592"]
[BlackElo "2554"]
[Annotator "ChessBase"]
[PlyCount "73"]
[EventDate "2019.12.07"]
[EventType "swiss"]
[EventCountry "BRA"]
[SourceTitle "playchess.com"]
[Source "ChessBase"]
[SourceQuality "1"]
[TimeControl "40/5400+30:1800+30"]

1. Nf3 Nf6 2. c4 g6 3. g3 Bg7 4. d4 O-O 5. Bg2 c6 6. O-O d5 7. b3 Bf5 8. Bb2 a5 9. e3 Ne4 10. Na3 Na6 11. Qe2 Nb4 12. Rfd1 h6 13. Ne5 g5 14. f3 Nd6 15. e4 Bh7 16. c5 Ne8 17. Ng4 Nf6 18. Nf2 e6 19. Nb1 b6 20. cxb6 Qxb6 21. Nc3 Rfd8 22. Na4 Qb5 23. Rd2 Qxe2 24. Rxe2 g4 25. fxg4 dxe4 26. Nxe4 Nxe4 27. Bxe4 Bxd4+ 28. Bxd4 Rxd4 29. Bxh7+ Kxh7 30. Rf1 Kg7 31. h3 Rd3 32. Ref2 Ra7 33. Kh2 Nd5 34. Nb2 Rc3 35. Na4 Re3 36. Nb2 Rc3 37. Na4 1/2-1/2

[Event "III Duchamp Open 2019"]
[Site "Rio de Janeiro"]
[Date "2019.12.13"]
[Round "9.2"]
[White "Cruz, Cristhian"]
[Black "Diamant, Andre"]
[Result "1/2-1/2"]
[ECO "A26"]
[WhiteElo "2562"]
[BlackElo "2533"]
[Annotator "ChessBase"]
[PlyCount "22"]
[EventDate "2019.12.07"]
[EventType "swiss"]
[EventCountry "BRA"]
[SourceTitle "playchess.com"]
[Source "ChessBase"]
[SourceQuality "1"]
[TimeControl "40/5400+30:1800+30"]

1. c4 g6 2. g3 Bg7 3. Bg2 e5 4. Nc3 Nc6 5. d3 d6 6. Nf3 Nf6 7. O-O O-O 8. Rb1 a5 9. a3 h6 10. b4 axb4 11. axb4 Be6 1/2-1/2